 Dungeon Crawl Stone Soup version 0.30-b1-2-g02819fbbbe (webtiles) character file.

Game seed: 9463257226057614415

5702 cotique the Ruffian (level 10, -1/84 HPs)
             Began as a Grey Draconian Transmuter on Oct 21, 2023.
             Was a Priest of Makhleb.
             Engulfed by a fire crab (shapeshifter)'s flame (15 damage)
             ... on level 9 of the Dungeon.
             The game lasted 00:24:22 (9372 turns).

cotique the Ruffian (Grey Draconian Transmuter)     Turns: 9372, Time: 00:24:23

Health: -1/84      AC:  2    Str: 15    XL:     10   Next: 48%
Magic:  11/18      EV: 27    Int: 16    God:    Makhleb [***...]
Gold:   289        SH:  0    Dex: 16    Spells: 1/20 levels left

rFire   . .          .
                       - Unarmed
rCold   . . .        (shield currently unavailable)
rNeg    . . .        (body armour unavailable)
rPois   x            (helmet currently unavailable)
rElec   .            s - melded +2 cloak
rCorr   .            (gloves currently unavailable)
SInv    .            (boots currently unavailable)
Will    .....        B - amulet of regeneration
Stlth   +            c - +4 ring of slaying
HPRegen 1.14/turn    C - +5 ring of evasion
MPRegen 0.16/turn

%: no passive effects
@: confusing by touch, spider-form, on blink cooldown
A: venomous fangs, AC +12, (amphibious), tiny, unfitting armour, (cold-blooded)
a: End Transformation, Renounce Religion, Minor Destruction, Lesser Servant of
Makhleb


You were on level 9 of the Dungeon.
You worshipped Makhleb.
Makhleb was most pleased with you.
You were a venomous arachnid creature.
You visited 2 branches of the dungeon, and saw 10 of its levels.

You collected 649 gold pieces.
You spent 360 gold pieces at shops.

Inventory:

Hand Weapons
 p - a +2 spear of freezing
 y - a +2 short sword of protection
Missiles
 u - 27 poisoned darts
Armour
 e - an orb of guile
 s - a +2 cloak (melded)
Magical Staves
 z - a staff of earth
Jewellery
 c - a +4 ring of slaying (left front pincers)
 j - a ring of resist corrosion
 k - a ring of resist corrosion
 r - a ring of willpower
 B - an amulet of regeneration (around neck)
 C - a +5 ring of evasion (right front pincers)
 D - an amulet of reflection
 J - a ring of poison resistance
Wands
 F - a wand of roots (8)
 H - a wand of paralysis (6)
Scrolls
 b - 6 scrolls of identify
 d - a scroll of fog
 i - a scroll of noise
 l - 3 scrolls of teleportation
 n - a scroll of magic mapping
 A - 2 scrolls of blinking
 I - a scroll of enchant armour
Potions
 a - 7 potions of lignification
 f - 5 potions of heal wounds {unknown}
 g - 3 potions of brilliance
 h - 2 potions of flight {unknown}
 m - 3 potions of mutation
 o - 3 potions of curing
 q - 3 potions of attraction
 t - a potion of ambrosia {unknown}
 v - 2 potions of invisibility {unknown}
 w - a potion of cancellation {unknown}
 x - a potion of haste {unknown}
 E - a potion of might {unknown}
 G - 2 potions of berserk rage {unknown}


   Skills:
 * Level 6.5 Fighting
 + Level 4.9 Dodging
 * Level 6.7 Unarmed Combat
 + Level 5.8 Spellcasting
 - Level 3.0 Hexes
 - Level 2.6 Translocations
 * Level 5.7 Transmutations
 - Level 3.0 Ice Magic
 + Level 3.6 Earth Magic
 - Level 4.0 Poison Magic
 + Level 3.4 Invocations
 + Level 3.1 Evocations


You had one spell level left.
You knew the following spells:

 Your Spells              Type           Power      Damage    Failure   Level
a - Beastly Appendage     Tmut           44%        N/A       6%          1
b - Wereblood             Tmut           22%        N/A       8%          2
c - Spider Form           Tmut/Pois      20%        N/A       16%         3
d - Blink                 Tloc           26%        N/A       19%         2
e - Ice Form              Ice/Tmut       18%        N/A       43%         4
f - Confusing Touch       Hex            14%        N/A       28%         3
g - Petrify               Tmut/Erth      19%        N/A       41%         4

Your spell library contained the following spells:

 Spells                   Type           Power      Damage    Failure   Level
 Kiss of Death            Conj/Necr      16%        2d6       32%         1
 Lesser Beckoning         Tloc           26%        N/A       19%         2
 Momentum Strike          Conj/Tloc      16%        3d8       28%         2
 Summon Guardian Golem    Hex/Summ       9%         N/A       43%         3
 Metabolic Englaciation   Hex/Ice        7%         N/A       88%         5
 Dispel Undead            Necr           4%         3d7       92%         4
 Statue Form              Tmut/Erth      12%        N/A       99%         6
 Orb of Destruction       Conj           2%         9d5       100%        7
 Spellforged Servitor     Conj/Summ      2%         N/A       100%        7


Dungeon Overview and Level Annotations

Branches:
Dungeon (9/15)             Temple (1/1) D:4            Lair (0/5) D:9
    Orc: D:9-12

Altars:
Ashenzari
Cheibriados
Dithmenos
Fedhas
Hepliaklqana
Kikubaaqudgha
Makhleb
Nemelex Xobeh
Okawaru
Qazlal
Ru
Sif Muna
Trog
Uskayaw
Vehumet
Wu Jian
Xom
Zin
The Shining One

Shops:
D:5 =

Annotations:
D:9 3 runed translucent doors


Innate Abilities, Weirdness & Mutations

You are a venomous arachnid creature.
You have venomous fangs.
You are tiny and dextrous.
Your spellcasting is less reliable in this form.
Your armour is entirely melded.
You are incapable of wielding weapons or throwing items.
((Your dull iron-grey scales are very hard. (AC +12)))
((You are amphibious.))
You cannot fit into any form of body armour.
((You are cold-blooded and may be slowed by cold attacks.))


Message History

You open the door.
There is an open door here.
You now have 289 gold pieces (gained 6).
There is an open door here.
There is an open door here.
A fire crab comes into view.
The fire crab breathes flames at you.
You are engulfed in blazing flames.
Casting: Spider Form (dangerous; 5% risk of failure)
Confirm with . or Enter, or press ? or * to list all spells.
You turn into a venomous arachnid creature.
Your +2 cloak melds into your body.
An entropy weaver comes into view.
Casting: Spider Form (dangerous; 16% risk of failure)
Confirm with . or Enter, or press ? or * to list all spells.
Your front pincers begin to glow red.
You hit the entropy weaver but do no damage.
The entropy weaver misses you. The entropy weaver hits you! x3
The fire crab misses you. The fire crab claws you!
You are engulfed in flames!
* * * LOW HITPOINT WARNING * * *
You hit the entropy weaver but do no damage.
The entropy weaver hits you.
* * * LOW HITPOINT WARNING * * *
The entropy weaver barely misses you. The entropy weaver misses you.
The entropy weaver closely misses you. The fire crab misses you.
The fire crab claws you.
* * * LOW HITPOINT WARNING * * *
You are engulfed in flames!
* * * LOW HITPOINT WARNING * * *
Casting: Confusing Touch (dangerous; 28% risk of failure)
Confirm with . or Enter, or press ? or * to list all spells.
You blink.
The fire crab breathes flames at you. The blast of flame misses you.
Unknown command.
Casting: Blink (safe; 19% risk of failure)
Confirm with . or Enter, or press ? or * to list all spells.
You are still too unstable to blink.
You feel better.
You are engulfed in blazing flames.
You die...

#############.....##
###### .....# .....### #
+####.. ..# # #.# #.#
####### # ###+##.# #.#
#...... #####. #....○.#
#.# #.##... ....#..###
#..○○○○# #.# #.##..#
....###...###..○s○.# #.#
#......
......#......○°○○○.# #.#
#....#' ....###
.#t○B...<○###.####....#.
....#
##§..##..............#.
#...#
#...###########.....#.
#...## #.....# #.....#.
#....#######.#####
##....#.
#....#.'.#.#.#...#
#....##
####.#.#.#.#.#...#
##....'.


You could see an entropy weaver and a fire crab.

Vanquished Creatures
  A two-headed ogre (D:6)
  Psyche (D:8)
  A komodo dragon (D:9)
  Grinder (D:5)
  2 hornets (D:9)
  A wyvern (D:7)
  2 basilisks (D:9)
  A steam dragon (D:8)
  Edmund (D:5)
  A water moccasin (D:7)
  An acid dragon (D:9)
  Duvessa (D:5)
  2 orc warriors
  An ice beast (D:6)
  2 sky beasts
  2 ogres
  A black bear (D:5)
  A centaur (D:5)
  The ghost of diceflayer the Chopper, an amateur DsGl (D:3)
  4 kobold brigands
  A bullfrog (D:7)
  Blork the orc (D:5)
  2 gnoll sergeants
  8 wights
  Dowan (D:5)
  4 killer bees (D:9)
  3 howler monkeys
  2 jellies
  6 hounds
  2 orc priests
  3 iguanas
  2 sleepcaps
  8 orc wizards
  9 gnolls
  4 adders
  A worm (D:2)
  2 dart slugs
  30 orcs
  3 bats
  4 endoplasms
  2 giant cockroaches
  7 goblins
  5 hobgoblins
  2 jackals (D:4)
  3 quokkas
  7 ball pythons
  6 frilled lizards
  21 kobolds
  9 rats
186 creatures vanquished.

Notes
Turn   | Place    | Note
-------+----------+-------------------------------------------
     0 | D:1      | cotique the Draconian Transmuter began the quest for the
                  | Orb.
     0 | D:1      | Reached XP level 1. HP: 16/16 MP: 3/3
   188 | D:1      | Reached XP level 2. HP: 23/23 MP: 5/5
   191 | D:1      | Learned a level 2 spell: Wereblood
   862 | D:2      | Noticed an ogre
   871 | D:2      | Killed an ogre
   872 | D:2      | Reached XP level 3. HP: 29/29 MP: 2/7
   872 | D:2      | Reached XP level 4. HP: 36/36 MP: 2/8
  1797 | D:3      | Reached XP level 5. HP: 41/41 MP: 6/9
  1839 | D:3      | Learned a level 3 spell: Spider Form
  1842 | D:3      | Learned a level 2 spell: Blink
  1843 | D:3      | Found a runed translucent door.
  1855 | D:3      | Noticed diceflayer's ghost (amateur DsGl)
  1876 | D:3      | Killed diceflayer's ghost
  2057 | D:3      | Found a faded altar of an unknown god.
  2389 | D:4      | Reached XP level 6. HP: 50/50 MP: 8/11
  2458 | D:4      | Found a glowing golden altar of the Shining One.
  2536 | D:4      | Found a staircase to the Ecumenical Temple.
  2546 | Temple   | Entered the Ecumenical Temple
  2707 | Temple   | Became a worshipper of Makhleb the Destroyer
  2737 | D:4      | Reached skill level 1 in Translocations
  2737 | D:4      | Reached skill level 1 in Poison Magic
  3133 | D:5      | Entered Level 5 of the Dungeon
  3267 | D:5      | Noticed Dowan
  3268 | D:5      | Noticed Duvessa
  3281 | D:5      | Killed Duvessa
  3282 | D:5      | Your scales start taking on a dull iron-grey colour.
  3282 | D:5      | Reached XP level 7. HP: 49/57 MP: 9/13
  3284 | D:5      | Killed Dowan
  3388 | D:5      | Noticed Blork the orc
  3397 | D:5      | Killed Blork the orc
  3717 | D:5      | Found Xezemila's Jewellery Shoppe.
  3751 | D:5      | Noticed Grinder
  3761 | D:5      | Killed Grinder
  3762 | D:5      | Reached skill level 5 in Spellcasting
  3762 | D:5      | Reached XP level 8. HP: 55/66 MP: 12/15
  3767 | D:5      | Learned a level 4 spell: Ice Form
  3771 | D:5      | Learned a level 3 spell: Confusing Touch
  3981 | D:5      | Noticed Edmund
  3997 | D:5      | Killed Edmund
  4764 | D:6      | Reached skill level 1 in Invocations
  4845 | D:6      | Noticed a two-headed ogre
  4846 | D:6      | Reached skill level 1 in Earth Magic
  4846 | D:6      | Reached * piety under Makhleb
  4856 | D:6      | Killed a two-headed ogre
  4857 | D:6      | Reached skill level 5 in Unarmed Combat
  4857 | D:6      | Reached skill level 1 in Hexes
  4857 | D:6      | Reached skill level 1 in Ice Magic
  4857 | D:6      | Reached skill level 1 in Evocations
  4857 | D:6      | Reached XP level 9. HP: 56/73 MP: 11/16
  4947 | D:6      | Reached skill level 5 in Fighting
  6252 | D:8      | Noticed a purple ugly thing
  6256 | D:8      | Noticed a troll
  6339 | D:7      | Learned a level 4 spell: Petrify
  6740 | D:8      | Reached ** piety under Makhleb
  6812 | D:8      | Reached skill level 5 in Transmutations
  7165 | D:8      | Noticed Psyche
  7191 | D:8      | Killed Psyche
  7192 | D:8      | Reached XP level 10. HP: 28/83 MP: 9/18
  7958 | D:5      | Bought a +5 ring of evasion for 360 gold pieces
  8352 | D:9      | Paralysed by a hornet for 1 turns
  9061 | D:9      | Found a staircase to the Lair.
  9156 | D:9      | Reached *** piety under Makhleb
  9308 | D:9      | Found a runed translucent gate.
  9308 | D:9      | Found a runed translucent gate.
  9308 | D:9      | Found a runed translucent gate.
  9308 | D:9      | Noticed a cyan ugly thing
  9308 | D:9      | Noticed a cyan ugly thing
  9308 | D:9      | Noticed a cyan ugly thing
  9309 | D:9      | Noticed a brown ugly thing
  9309 | D:9      | Noticed an orb spider
  9312 | D:9      | Noticed a glowing orange brain
  9316 | D:9      | an orb spider changed into a dream sheep
  9362 | D:9      | Noticed a fire crab
  9366 | D:9      | Noticed an entropy weaver
  9370 | D:9      | HP: 3/84 [fire crab (shapeshifter) (15)]
  9372 | D:9      | Engulfed by a fire crab (shapeshifter)'s flame

Illustrated notes

Levels and vault maps discovered:
D:1:      minmay_arrival_loop, layout_loops_ring, hangedman_glass_teeth
D:2:      layout_loops_ring, hangedman_decor_push, chequers_serial_rivers_marsh
D:3:      layout_basic, hellmonk_ghost_happy_afterlife,
          hellmonk_ecumenical_altar_run_dry
D:4:      layout_basic, overflow_temple_1_default,
          minmay_temple_entry_junction_2
D:5:      layout_basic, serial_shops, shop, nrook_loot_triangle,
          eino_tiny_chamber, uniq_grinder, uniq_edmund, uniq_duvessa,
          uniq_blork_the_orc
D:6:      layout_rooms
D:7:      layout_basic, roderic_cross_of_infinity
D:8:      minmay_curly_fans, layout_layer_cave, minmay_misc_feat_roman,
          uniq_psyche
D:9:      minmay_blocky_corners, layout_stronghold, erik_lair_dragon,
          ploomutoo_gammafunk_ghost_potion_laboratory
Temple:   nicolae_temple_two_arcs

Skill      XL: |  1  2  3  4  5  6  7  8  9 10 |
---------------+-------------------------------+-----
Dodging        | 2 3 4 |  4.9
Fighting       | 2 3 4 6 |  6.5
Spellcasting   | 3 4 5 |  5.8
Transmutations | 3 4 5 |  5.7
Translocations | 1 2 |  2.6
Poison Magic   | 1 2 3 4 |  4.0
Unarmed Combat | 4 5 6 |  6.7
Invocations    | 1 2 3 |  3.4
Earth Magic    | 1 3 |  3.6
Hexes          | 1 2 3 |  3.0
Ice Magic      | 1 2 3 |  3.0
Evocations     | 1 2 3 |  3.1

Action                     |  1- 3 |  4- 6 |  7- 9 | 10-12 || total
---------------------------+-------+-------+-------+-------++-------
  Melee: Unarmed           |    44 |   107 |   248 |   111 ||   510
         Tailslap          |     7 |    13 |    29 |     4 ||    53
         Kick              |     3 |    22 |    40 |    10 ||    75
         Headbutt          |     2 |     6 |    28 |     6 ||    42
         Punch             |       |     4 |     6 |     5 ||    15
   Cast: Beastly Appendage |     5 |    22 |    26 |     6 ||    59
         Wereblood         |     1 |     6 |    25 |     7 ||    39
         Spider Form       |       |       |     9 |    10 ||    19
         Blink             |       |       |     5 |     2 ||     7
         Confusing Touch   |       |       |       |     3 ||     3
    Use: Scroll            |       |     9 |     5 |     1 ||    15
         Potion            |       |       |     4 |     1 ||     5
   Stab: Sleeping          |     2 |     3 |       |       ||     5
 Armour: Skin              |     8 |    32 |    80 |     9 ||   129
  Dodge: Dodged            |    19 |    59 |   192 |   119 ||   389
